Map: Nightshade LE

Players

ShoWTimE - Winner!

  • Race: Protoss Protoss
  • League: Grandmaster
  • Spawn Location: 5:00

Bunny

  • Race: Terran Terran
  • League: Diamond
  • Spawn Location: 11:00

VOD

Have the link to the VOD?

Description

Time

  • Played on: Jan. 14, 2020, 12:41 p.m.
  • Length: 13:28
Show
View Real Time Build Order
Export as new Build Order

ShoWTimE Protoss - Winner!

Build Orders: 1 Gate Expand, Oracle Opening 

Get SALT Encoding   

  12  0:00  Probe  
  13  0:12  Probe  
  14  0:16  Pylon  
  14  0:24  Probe (Chrono Boost)  
  15  0:36  Probe (Chrono Boost), Gateway  
  16  0:44  Probe (Chrono Boost)  
  16  0:45  Assimilator  
  17  0:51  Probe  
  18  1:03  Probe  
  19  1:15  Probe  
  20  1:22  Nexus  
  20  1:30  Cybernetics Core  
  20  1:34  Probe  
  20  1:39  Assimilator  
  21  1:46  Probe  
  22  1:49  Pylon  
  22  1:58  Probe  
  23  2:04  Adept (Chrono Boost)  
  25  2:10  Probe  
  26  2:17  Stargate  
  26  2:22  Probe  
  27  2:26  Adept (Chrono Boost)  
  29  2:33  Warp Gate  
  29  2:35  Probe (Chrono Boost)  
  31  2:40  Probe (Chrono Boost)  
  31  2:44  Probe (Chrono Boost)  
  32  2:48  Probe (Chrono Boost), Adept  
  32  2:49  Probe (Chrono Boost)  
  36  2:59  Probe  
  36  3:01  Probe, Oracle (Chrono Boost)  
  41  3:08  Pylon  
  41  3:11  Probe  
  42  3:13  Probe  
  42  3:18  Adept  
  45  3:23  Probe  
  45  3:26  Probe  
  47  3:32  Oracle (Chrono Boost)  
  47  3:35  Probe  
  47  3:37  Pylon  
  47  3:39  Probe  
  52  3:45  Gateway x2  
  52  3:47  Probe  
  53  3:53  Probe  
  54  3:59  Probe  
  53  4:04  Pylon  
  53  4:05  Probe  
  52  4:11  Probe  
  52  4:14  Robotics Facility  
  52  4:16  Nexus  
  51  4:17  Probe  
  51  4:21  Phoenix  
  51  4:23  Probe  
  55  4:29  Probe, Assimilator  
  56  4:31  Assimilator  
  56  4:33  Twilight Council  
  56  4:36  Probe  
  57  4:41  Probe  
  58  4:48  Probe  
  59  4:53  Probe  
  59  4:54  Gateway  
  59  4:56  Pylon  
  59  4:58  Gateway  
  60  5:00  Probe  
  60  5:05  Probe, Observer (Chrono Boost)  
  60  5:06  Robotics Bay  
  63  5:11  Charge (Chrono Boost)  
  63  5:12  Probe, Pylon  
  64  5:15  Zealot x2  
  64  5:17  Probe  
  69  5:23  Pylon  
  69  5:24  Probe  
  69  5:27  Immortal (Chrono Boost)  
  70  5:29  Probe  
  70  5:32  Probe  
  76  5:36  Probe  
  76  5:42  Probe  
  78  5:44  Probe, Pylon, Sentry  
  78  5:47  Shield Battery  
  81  5:54  Disruptor (Chrono Boost)  
  81  5:57  Sentry, Zealot x3, Shield Battery  
  92  6:07  Phoenix  
  94  6:12  Forge x2  
  94  6:15  Disruptor  
  94  6:17  Pylon  
  94  6:18  Zealot x3  
  103  6:26  Zealot x2  
  103  6:32  Phoenix  
  109  6:37  Pylon  
  109  6:38  Zealot x3  
  115  6:44  Probe x2  
  115  6:46  Probe  
  118  6:48  Protoss Ground Armor Level 1 (Chrono Boost)  
  118  6:54  Zealot x2  
  118  6:56  Probe  
  118  6:58  Zealot x2  
  118  6:59  Zealot  
  125  7:01  Probe  
  125  7:02  Probe  
  125  7:03  Protoss Ground Weapons Level 1 (Chrono Boost)  
  125  7:07  Phoenix  
  125  7:08  Probe  
  123  7:14  Probe x2, Assimilator  
  125  7:18  Assimilator  
  125  7:21  Colossus  
  131  7:29  Pylon  
  131  7:30  Pylon  
  131  7:33  Photon Cannon  
  131  7:34  Pylon  
  131  7:37  Zealot  
  133  7:41  Shield Battery  
  133  7:44  Pylon  
  133  7:50  Stalker x2  
  137  7:57  Pylon  
  137  7:58  Zealot x3  
  142  8:05  Robotics Bay  
  139  8:19  Pylon  
  131  8:21  Robotics Facility  
  131  8:23  Stalker x4  
  131  8:26  Probe x2  
  139  8:36  Warp Prism (Chrono Boost)  
  139  8:37  Pylon  
  141  8:46  Pylon  
  141  8:53  Probe x3, Gateway  
  141  8:54  Gateway  
  144  8:56  Protoss Ground Weapons Level 2 (Chrono Boost), Gateway  
  144  8:57  Sentry  
  146  9:03  Protoss Ground Armor Level 2 (Chrono Boost)  
  146  9:04  Warp Prism  
  146  9:09  Extended Thermal Lance (Chrono Boost)  
  148  9:15  Colossus (Chrono Boost)  
  154  9:17  Pylon  
  154  9:28  Zealot x2  
  154  9:31  Zealot  
  160  9:34  Zealot x2  
  165  9:47  Colossus (Chrono Boost)  
  162  9:52  Stalker x4  
  162  9:53  Stalker  
  171  10:04  Pylon  
  171  10:05  Pylon  
  151  10:16  Probe  
  151  10:19  Stalker x6  
  149  10:34  Blink (Chrono Boost)  
  146  10:36  Zealot  
  146  10:40  Colossus  
  154  10:45  Colossus  
  137  10:55  Sentry, Zealot x4  
  137  10:56  Zealot  
  127  11:01  Zealot  
  127  11:16  Stalker x5  
  133  11:35  Probe x3  
  133  11:38  Nexus  
  136  11:40  Pylon  
  136  11:44  Zealot x3  
  142  11:47  Stalker  
  142  11:52  Pylon  
  142  11:54  Stalker  
  142  12:00  Stalker x2  
  148  12:05  Stalker  
  144  12:21  Sentry x2  
  134  12:22  Stalker  
  134  12:23  Stalker  
  134  12:24  Sentry x2  
  134  12:25  Zealot  
  138  12:42  Probe x3  
  139  12:45  Zealot x3  
  139  12:46  Zealot x3  
  139  12:48  Sentry  
  139  12:49  Sentry  
  139  13:06  Sentry x2, Stalker x4  
  141  13:18  Zealot x2  
Show
View Real Time Build Order
Export as new Build Order

Bunny Terran 

Build Orders: Reaper Expand 

Get SALT Encoding   

  12  0:01  SCV  
  13  0:13  SCV  
  14  0:17  Supply Depot  
  14  0:25  SCV  
  15  0:39  SCV  
  15  0:40  Barracks  
  16  0:43  Refinery  
  16  0:51  SCV  
  17  1:03  SCV  
  18  1:15  SCV  
  19  1:27  Orbital Command  
  19  1:28  Reaper  
  20  1:40  Command Center  
  20  1:48  Supply Depot  
  20  1:53  SCV  
  21  2:00  Marine  
  22  2:05  SCV  
  22  2:07  Factory  
  23  2:12  Refinery  
  23  2:17  Bunker  
  23  2:20  SCV  
  24  2:23  Barracks Reactor  
  24  2:32  SCV  
  25  2:44  SCV  
  26  2:53  Starport  
  26  2:54  Widow Mine, Orbital Command  
  26  2:57  SCV  
  29  2:59  Marine x2  
  29  3:02  Orbital Command  
  31  3:09  SCV  
  32  3:18  Marine x2  
  36  3:21  SCV  
  36  3:24  Widow Mine  
  37  3:27  SCV  
  37  3:30  Medivac  
  37  3:33  SCV  
  40  3:36  Marine x2, Supply Depot  
  40  3:40  SCV  
  43  3:45  SCV, Widow Mine  
  46  3:56  Marine  
  46  3:57  Marine, SCV x2  
  48  4:09  SCV x2  
  49  4:14  Marine  
  49  4:15  Marine  
  51  4:19  Starport Tech Lab  
  51  4:21  SCV x2, Barracks  
  51  4:22  Barracks  
  51  4:24  Supply Depot, Factory Tech Lab  
  53  4:34  SCV  
  53  4:37  Supply Depot, Refinery  
  54  4:46  Marine x2, SCV x2, Starport Reactor  
  54  4:52  Factory Tech Lab  
  58  4:53  Engineering Bay  
  58  4:58  SCV x2  
  60  5:00  Refinery  
  60  5:04  Marine x2  
  62  5:10  SCV x2  
  62  5:14  Siege Tank  
  67  5:16  Supply Depot  
  67  5:17  Supply Depot, Stimpack  
  67  5:19  Combat Shield  
  67  5:22  SCV x2  
  67  5:25  Supply Depot  
  67  5:26  Terran Infantry Weapons Level 1  
  69  5:36  Medivac  
  69  5:37  Medivac  
  69  5:41  SCV x2, Marine x2  
  77  5:45  Marauder  
  77  5:46  Marauder, Siege Tank  
  77  5:48  Supply Depot  
  82  5:53  SCV x2  
  84  5:59  Marine x2  
  84  6:00  Supply Depot  
  86  6:06  Medivac  
  86  6:07  Medivac  
  90  6:13  SCV x2  
  90  6:17  Marine x2  
  94  6:23  Supply Depot  
  94  6:24  Marauder  
  94  6:25  Marauder  
  98  6:27  SCV x2  
  98  6:28  Supply Depot  
  100  6:34  Command Center  
  100  6:35  Marine x2  
  100  6:39  Supply Depot  
  102  6:40  SCV x2  
  104  6:59  Marauder x2  
  104  7:00  Marine x2  
  109  7:05  Medivac x2  
  109  7:06  SCV x2  
  105  7:16  Barracks  
  105  7:18  SCV x2, Factory Reactor, Barracks  
  105  7:22  Marine x2, Concussive Shells, Marauder x2  
  113  7:24  Supply Depot  
  111  7:30  SCV x2  
  113  7:39  Marine  
  113  7:40  Marine  
  113  7:42  SCV x2  
  113  7:43  Medivac, Marauder x2  
  123  7:52  Terran Infantry Armor Level 1  
  123  7:54  SCV x2, Supply Depot  
  123  7:58  Supply Depot  
  125  8:09  Marauder x2  
  125  8:10  Barracks Reactor  
  125  8:11  Marauder  
  125  8:12  Marine x2  
  133  8:13  Liberator  
  133  8:14  Widow Mine x2  
  133  8:16  SCV  
  133  8:17  SCV  
  131  8:22  Liberator  
  131  8:23  Refinery  
  131  8:24  Refinery  
  123  8:30  Marine x2, Marauder x2  
  123  8:33  SCV  
  123  8:34  Orbital Command  
  130  8:35  Widow Mine x2  
  137  8:45  Missile Turret  
  137  8:54  Marauder, Command Center  
  137  8:55  Marauder x2  
  143  8:56  Marine x2  
  143  8:57  Marine x2  
  143  9:02  SCV x2  
  149  9:03  SCV, Engineering Bay  
  149  9:09  Supply Depot x2, Liberator x2  
  150  9:12  Missile Turret  
  150  9:16  Missile Turret  
  150  9:17  Missile Turret  
  150  9:18  Armory  
  156  9:35  Supply Depot  
  156  9:36  Marauder x2  
  156  9:37  Marauder  
  161  9:42  Command Center  
  161  9:48  Marine x3  
  163  9:53  Widow Mine x2  
  167  10:02  Marauder x3  
  167  10:04  Liberator x2  
  167  10:05  Marine  
  167  10:06  Marine x2  
  173  10:11  Terran Infantry Weapons Level 2, Terran Infantry Armor Level 2  
  160  10:19  Terran Ship Weapons Level 1  
  148  10:23  SCV x3  
  157  10:28  Widow Mine  
  157  10:29  Widow Mine  
  157  10:30  Marauder x2  
  157  10:38  Marine x4  
  153  10:50  Widow Mine x2  
  153  10:51  Marauder x3  
  151  10:59  SCV x3  
  152  11:04  Marine x2  
  152  11:05  Marine x2, Starport  
  156  11:17  Medivac x2  
  154  11:20  Marauder x3  
  154  11:22  Starport  
  154  11:23  Barracks  
  154  11:24  Ghost Academy  
  158  11:25  Barracks  
  158  11:26  SCV x3, Barracks  
  155  11:33  Planetary Fortress  
  155  11:38  SCV x3, Marine x4  
  162  11:47  Medivac, Refinery  
  162  11:48  Refinery  
  162  11:52  Missile Turret  
  162  11:53  Sensor Tower, Missile Turret  
  162  12:02  Viking x3  
  168  12:12  Marauder x2  
  161  12:16  Marine x4  
  157  12:24  Viking x2  
  157  12:29  SCV  
  163  12:30  SCV x2  
  163  12:31  Viking  
  163  12:32  Viking  
  163  12:34  Marauder x2  
  163  12:35  Marine x2  
  164  12:41  Marine x3  
  163  12:47  Viking  
  164  12:54  Viking  
  164  12:58  Marauder x2  
  160  13:00  Marauder  
Tags
 
Add a new tag
Caveats
  • Supply blocks, unpowered buildings, or Contaminate may cause inaccurate times.
  • Supply counts are checked every 10 seconds.